 Dungeon Crawl Stone Soup version 0.18-a0-1747-g18c4181 (webtiles) character file.

14142 warlockg3 the Nimble (level 11, -2/90 (91) HPs)
             Began as a Purple Draconian Fire Elementalist on Apr 12, 2016.
             Was a Priest of Vehumet.
             Slain by a killer bee (3 damage)
             ... while paralysed
             ... on level 9 of the Dungeon.
             The game lasted 01:34:39 (17194 turns).

warlockg3 the Nimble (DrFE)                        Turns: 17194, Time: 01:34:39

HP:   -2/90 (91)    AC: 11    Str: 10    XL:     11   Next: 84%
MP:   23/23         EV:  2    Int: 18    God:    Vehumet [***...]
Gold: 460           SH:  0    Dex: 11    Spells: 8 memorised, 7 levels left

rFire  + . .     SeeInvis .     v - staff of conjuration
rCold  + . .     Gourm    .     (armour unavailable)
rNeg   . . .     Faith    .     (no shield)
rPois  .         Spirit   .     (helmet restricted)
rElec  .         Dismiss  .     d - +2 cloak
rCorr  .         Reflect  .     y - +0 pair of gloves
SustAt .         Harm     .     (no boots)
MR     +....                    n - amulet of rage
Stlth  ++........               l - ring of flight
                                k - ring of wizardry

@: paralysed, lethally poisoned (-2 -> -49), exhausted, slowed, somewhat
resistant to hostile enchantments, unstealthy
A: breathe power, unfitting armour, claws 1, blink, cold resistance 1, dopey 1,
fire resistance 1, cold-blooded, AC +7
a: Breathe Dispelling Energy, Blink, Renounce Religion, Evoke Berserk Rage,
Evoke Flight


You were on level 9 of the Dungeon.
You worshipped Vehumet.
Vehumet was most pleased with you.
You were not hungry.

You visited 3 branches of the dungeon, and saw 12 of its levels.

You collected 460 gold pieces.

Inventory:

Hand Weapons
 c - a +2 quarterstaff of freezing
 f - a +0 whip
 i - a +3 falchion of freezing
 D - a +0 dire flail
Missiles
 w - 23 stones (quivered)
Armour
 d - a +2 cloak (worn)
 y - a +0 pair of gloves (worn)
 J - a +0 pair of gloves
Magical Staves
 v - an uncursed staff of conjuration (weapon)
 K - an uncursed staff of summoning
Jewellery
 b - an uncursed amulet of guardian spirit
 k - a ring of wizardry (left hand)
 l - a ring of flight (right hand)
 n - an amulet of rage (around neck)
 s - an uncursed ring of sustain attributes
Wands
 j - a wand of enslavement (7/24)
 m - a wand of lightning (4/15)
 p - a wand of iceblast (6/15)
 q - a wand of digging (7/24)
 t - a wand of confusion (18/48)
 u - a wand of disintegration (13/24)
 z - a wand of random effects (22/48)
 G - a wand of polymorph (10/24)
 H - a wand of slowing (7/48)
 L - a wand of flame (27/48)
Scrolls
 e - 9 scrolls of identify
 g - 2 scrolls of brand weapon
 o - 3 scrolls of magic mapping
 A - 3 scrolls of remove curse
 M - a scroll of amnesia
Potions
 B - a potion of flight
 C - a potion of agility
 I - a potion of invisibility
Books
 a - a book of Flames

   Spells                             Type                      Level
   a - Flame Tongue                   Conjuration/Fire             1
   b - Throw Flame                    Conjuration/Fire             2
   c - Conjure Flame                  Conjuration/Fire             3
   d - Inner Flame                    Hexes/Fire                   3
   e - Sticky Flame                   Conjuration/Fire             4
   f - Fireball                       Conjuration/Fire             5
 r - a book of Dreams

   Spells                             Type                      Level
   a - Ensorcelled Hibernation        Hexes/Ice                    2
   b - Silence                        Hexes/Air                    5
   c - Darkness                       Hexes                        6
   d - Shadow Creatures               Summoning                    6
Comestibles
 h - 2 royal jellies
 F - 2 meat rations


   Skills:
 * Level 6.8 Fighting
 - Level 0.8(4.3) Maces & Flails
 * Level 6.8(6.9) Staves
 + Level 2.2 Throwing
 * Level 9.8 Dodging
 + Level 4.2 Stealth
 + Level 2.4 Unarmed Combat
 * Level 8.4 Spellcasting
 * Level 6.7 Conjurations
 * Level 2.6 Hexes
 * Level 7.9 Fire Magic
 + Level 0.8 Earth Magic
 + Level 3.3 Evocations


You had 7 spell levels left.
You knew the following spells:

 Your Spells              Type           Power        Failure   Level  Hunger
a - Flame Tongue          Conj/Fire      #####        1%          1    None
b - Throw Flame           Conj/Fire      ######       1%          2    None
c - Sticky Flame          Conj/Fire      ######..     1%          4    ###....
d - Magic Dart            Conj           ####         1%          1    None
e - Fireball              Conj/Fire      ######....   2%          5    #####..
f - Ensorcelled Hibernat  Hex/Ice        ##....       4%          2    None
g - Sandblast             Erth           ##....       1%          1    None
h - Stone Arrow           Conj/Erth      ####..       1%          3    None


Dungeon Overview and Level Annotations

Branches:
Dungeon (10/15)            Temple (1/1) D:6            Lair (1/8) D:8
    Orc: D:9-12

Altars:
Ashenzari
Cheibriados
Dithmenos
Elyvilon
Fedhas
Gozag
Kikubaaqudgha
Makhleb
Nemelex Xobeh
Okawaru
Pakellas
Qazlal
Ru
Sif Muna
Trog
Vehumet
Xom
Yredelemnul
Zin
The Shining One

Shops:
D:6 =

Annotations:
D:10 Erolcha


Innate Abilities, Weirdness & Mutations

You can breathe bolts of dispelling energy.
Your rich purple scales are hard (AC +7).
Your body does not fit into most forms of armour.
You are cold-blooded and may be slowed by cold attacks.
You have sharp fingernails.
You can translocate small distances at will.
Your flesh is cold resistant.
You are dopey. (Int -2)
Your flesh is heat resistant.


Message History

* * * LOW HITPOINT WARNING * * *
* * * LOW HITPOINT WARNING * * *
You feel very sick.
The killer bee stings you but does no damage. x2
The killer bee stings you.
* * * LOW HITPOINT WARNING * * *
You are more poisoned.
The killer bee poisons you! The killer bee stings you!
* * * LOW HITPOINT WARNING * * *
You are more poisoned.
The killer bee poisons you! The killer bee barely misses you.
The killer bee stings you.
* * * LOW HITPOINT WARNING * * *
You are more poisoned.
The killer bee poisons you!
* * * LOW HITPOINT WARNING * * *
You feel very sick.
The killer bee stings you but does no damage. x2
The killer bee stings you.
You die...

##########
############.......#
#.........##.#####.#
#.........##.# #.#
#............#####.#
#......>............
########........<..........
#.....##..yy.....#########.
#.###..'..@yy.....#........
#.########################.
#........................#.
####..#...#...#...#...#..#.
#...................._##
#..#...#.).#...#...#..##
##'...................##
#.#####################
#.##......#.....# #


You could see 4 killer bees.

Vanquished Creatures
  The ghost of inmateoo the Skirmisher, a novice MiNe (D:5)
  2 black mambas (Lair:1)
  6 komodo dragons (Lair:1)
  3 trolls
  Sigmund (D:6)
  A wyvern (D:9)
  A steam dragon (D:9)
  18 yaks
  A hungry ghost (D:7)
  4 hippogriffs
  A water moccasin (Lair:1)
  Duvessa (D:6)
  4 porcupines (Lair:1)
  A necrophage (D:7)
  3 ice beasts
  A black bear (D:7)
  A sky beast (D:9)
  3 ogres
  3 centaurs
  2 crocodiles
  Blork the orc (D:6)
  10 giant frogs
  Dowan (D:6)
  2 scorpions
  5 wights (D:9)
  6 killer bees
  3 electric eels (Lair:1)
  6 howler monkeys
  5 crimson imps
  A quasit (D:8)
  4 giant frog zombies
  A centaur zombie (D:6)
  2 hounds
  2 jellies (D:7)
  2 orc wizards
  Crazy Yiuf (D:2)
  A centaur skeleton (D:7)
  2 giant frog skeletons (D:6)
  Jessica (D:2)
  Natasha (D:3)
  2 iguanas
  14 worker ants
  A hound skeleton (D:8)
  A worker ant zombie (D:8)
  A howler monkey skeleton (D:7)
  10 adders
  20 river rats
  2 shadow imps
  3 worms
  3 dart slugs
  5 giant geckos
  18 orcs
  2 giant cockroaches
  12 goblins
  4 hobgoblins
  3 kobolds
  A quokka (D:4)
  A ball python skeleton (D:5)
  14 bats
  A giant gecko skeleton (D:5)
  A giant gecko zombie (D:9)
  6 giant newts
  A jackal zombie (D:7)
  15 rats
  A spectral orc (D:3)
  A fungus (D:8)
258 creatures vanquished.

Vanquished Creatures (collateral kills)
  An orc priest (D:6)
  An orc (D:6)
2 creatures vanquished.

Vanquished Creatures (others)
  16 fungi
  A plant (Lair:1)
17 creatures vanquished.

Grand Total: 277 creatures vanquished

Notes
Turn   | Place    | Note
--------------------------------------------------------------
     0 | D:1      | warlockg3 the Draconian Fire Elementalist began the quest for the Orb.
     0 | D:1      | Reached XP level 1. HP: 14/14 MP: 3/3
   124 | D:1      | Reached skill level 2 in Dodging
   124 | D:1      | Reached XP level 2. HP: 17/20 MP: 5/5
  1013 | D:1      | Reached XP level 3. HP: 10/26 MP: 6/6
  1037 | D:1      | Learned a level 2 spell: Throw Flame
  1619 | D:2      | Noticed Jessica
  1621 | D:2      | Found an iron altar of Okawaru.
  1622 | D:2      | Killed Jessica
  1622 | D:2      | Reached XP level 4. HP: 34/34 MP: 2/7
  1939 | D:2      | Noticed Crazy Yiuf
  1961 | D:2      | Killed Crazy Yiuf
  1961 | D:2      | Reached skill level 1 in Fighting
  1961 | D:2      | Reached skill level 3 in Dodging
  2107 | D:3      | Reached XP level 5. HP: 40/40 MP: 6/8
  2389 | D:3      | Noticed Natasha
  2398 | D:3      | Killed Natasha
  2528 | D:3      | Found a basalt altar of Yredelemnul.
  2841 | D:4      | Reached skill level 1 in Staves
  2996 | D:4      | Reached XP level 6. HP: 47/47 MP: 9/9
  3069 | D:4      | Reached skill level 4 in Dodging
  3392 | D:5      | Entered Level 5 of the Dungeon
  3392 | D:5      | Noticed inmateoo's ghost (novice MiNe)
  3997 | D:5      | Noticed an ice beast
  4036 | D:5      | Killed an ice beast
  4413 | D:5      | Your scales start taking on a rich purple colour.
  4413 | D:5      | Reached XP level 7. HP: 52/55 MP: 12/12
  4437 | D:5      | Killed inmateoo's ghost
  4437 | D:5      | Reached skill level 5 in Dodging
  4534 | D:6      | Found a shattered altar of Ashenzari.
  4553 | D:6      | Noticed Sigmund
  4567 | D:6      | Killed Sigmund
  4567 | D:6      | Reached XP level 8. HP: 49/63 MP: 12/14
  4584 | D:6      | Noticed Blork the orc
  4596 | D:6      | Killed Blork the orc
  4735 | D:6      | Noticed Dowan
  4736 | D:6      | Noticed Duvessa
  4786 | D:6      | Killed Duvessa
  4791 | D:6      | Reached skill level 6 in Dodging
  4793 | D:6      | Killed Dowan
  4865 | D:6      | Found a staircase to the Ecumenical Temple.
  4946 | Temple   | Entered the Ecumenical Temple
  5721 | D:6      | Found Juina's Jewellery Boutique.
  5927 | D:7      | Reached skill level 5 in Fire Magic
  5949 | D:7      | Learned a level 4 spell: Sticky Flame
  6063 | D:7      | Found a sparkling altar of Nemelex Xobeh.
  6402 | D:7      | Found a stormy altar of Qazlal.
  6403 | D:7      | Found a glowing golden altar of the Shining One.
  6407 | D:7      | Found a bloodstained altar of Trog.
  6410 | D:7      | Found a radiant altar of Vehumet.
  6428 | D:7      | Reached skill level 5 in Spellcasting
  6428 | D:7      | Reached skill level 1 in Evocations
  6428 | D:7      | Reached XP level 9. HP: 51/70 MP: 16/16
  6429 | D:7      | Found a shimmering altar of Xom.
  6464 | D:7      | Became a worshipper of Vehumet
  6508 | D:7      | Noticed a troll
  6529 | D:7      | Killed a troll
  7031 | D:7      | Reached skill level 5 in Staves
  7031 | D:7      | Reached skill level 7 in Dodging
  7031 | D:7      | Reached skill level 5 in Conjurations
  7031 | D:7      | Reached XP level 10. HP: 32/82 MP: 11/20
  7033 | D:7      | Gained mutation: You can translocate small distances at will. [potion of mutation]
  7033 | D:7      | Gained mutation: You have sharp fingernails. [potion of mutation]
  7033 | D:7      | Gained mutation: Your flesh is cold resistant. [potion of mutation]
  7036 | D:7      | Reached skill level 8 in Dodging
  7586 | D:7      | Reached * piety under Vehumet
  7586 | D:7      | Offered knowledge of Magic Dart by Vehumet.
  7590 | D:7      | Learned a level 1 spell: Magic Dart
  7596 | D:7      | Learned a level 5 spell: Fireball
  8832 | D:8      | Found a staircase to the Lair.
  9443 | D:8      | Found an iron altar of Okawaru.
 10366 | D:8      | HP: 1/83 [troll (3)]
 10438 | D:8      | HP: 4/83 [giant frog (6)]
 11412 | D:9      | Reached XP level 11. HP: 69/90 MP: 20/22
 11911 | D:9      | Learned a level 2 spell: Ensorcelled Hibernation
 12184 | D:9      | Found a blossoming altar of Fedhas.
 12501 | D:9      | Reached ** piety under Vehumet
 12511 | D:9      | Reached skill level 9 in Dodging
 12837 | D:9      | Found an ancient bone altar of Kikubaaqudgha.
 12883 | D:9      | Offered knowledge of Sandblast by Vehumet.
 12920 | D:9      | Gained mutation: Your flesh is heat resistant. [mutagenic meat]
 12921 | D:9      | Gained mutation: You are dopey. (Int -2) [mutagenic meat]
 12922 | D:9      | Gained mutation: Your tail ends in a poisonous barb. [mutagenic meat]
 12923 | D:9      | Lost mutation: Your tail ends in a poisonous barb. [mutagenic meat]
 13034 | D:10     | Entered Level 10 of the Dungeon
 13034 | D:10     | Noticed Erolcha
 13197 | Lair:1   | Entered Level 1 of the Lair of Beasts
 13432 | D:8      | Reached skill level 1 in Hexes
 14084 | D:8      | Learned a level 1 spell: Sandblast
 15344 | Lair:1   | Offered knowledge of Stone Arrow by Vehumet.
 15394 | Lair:1   | Learned a level 3 spell: Stone Arrow
 16082 | Lair:1   | Reached *** piety under Vehumet
 16347 | Lair:1   | HP: 2/90 [yak (10)]
 17194 | D:9      | HP: 1/90 [poisoned by a killer bee]
 17194 | D:9      | Slain by a killer bee

Vault maps used:
D:1:      scummos_arrival_forest, grunt_decor_cap, kennysheep_boxes
D:2:      okawaru_metal_pillars_1_2, uniq_crazy_yiuf_cottage, uniq_jessica
D:3:      yredelemnul_forgotten_temple_becter, uniq_natasha
D:5:      kennysheep_six_static_rooms, first_bread
D:6:      minmay_temple_entry_glass, basic_altar, serial_shops, shop,
          uniq_sigmund, uniq_duvessa, uniq_blork_the_orc
D:7:      nemelex_xobeh_ov_fountains_minmay, grunt_temple_overflow_open
D:8:      kennysheep_little_box, due_lair_maze_entry_diamond
D:9:      lemuel_coloured_pillars_altar, hangedman_tree_tricks
D:10:     minmay_distorted_concentric_squares, uniq_erolcha
Temple:   bh_familiar_temple
Lair:1:   beast_lair_carwin_4, serial_bayou_shore_a, infiniplex_staircase_pool,
          grunt_megastairs_4, serial_bayou_shore_b, lemuel_fruit_tree

Skill      XL: |  1  2  3  4  5  6  7  8  9 10 11 |
---------------+----------------------------------+-----
Dodging        | 2 3 4 5 6 7 8 9 |  9.8
Stealth        | 2 4 |  4.2
Fighting       | 1 2 3 4 6 |  6.8
Staves         | 1 2 3 5 6 |  6.8
Fire Magic     | 4 5 6 7 |  7.9
Spellcasting   | 3 4 5 6 7 8 |  8.4
Conjurations   | 2 3 5 6 |  6.7
Evocations     | 1 3 |  3.3
Throwing       | 2 |  2.2
Unarmed Combat | 2 |  2.4
Hexes          | 2 |  2.6
Maces & Flails | |  0.8
Earth Magic    | |  0.8

Action                   |  1- 3 |  4- 6 |  7- 9 | 10-12 || total
-------------------------+-------+-------+-------+-------++-------
Melee: Unarmed           |    15 |       |       |       ||    15
       Whip              |   146 |    34 |       |       ||   180
       Tailslap          |    10 |     8 |    16 |    65 ||    99
       Quarterstaff      |       |   144 |   172 |    37 ||   353
       Staff             |       |       |       |   807 ||   807
       Punch             |       |       |       |     7 ||     7
 Cast: Flame Tongue      |     9 |    12 |     9 |    66 ||    96
       Throw Flame       |     1 |     6 |     8 |    27 ||    42
       Sticky Flame      |       |       |     3 |    68 ||    71
       Magic Dart        |       |       |       |    37 ||    37
       Fireball          |       |       |       |    17 ||    17
       Sandblast         |       |       |       |     6 ||     6
       Stone Arrow       |       |       |       |     1 ||     1
       Ensorcelled Hiber |       |       |       |     1 ||     1
 Abil: Evoke Berserk Rag |       |       |     3 |     8 ||    11
       Breathe Dispellin |       |       |     2 |     4 ||     6
       Blink             |       |       |       |     7 ||     7
       Evoke Flight      |       |       |       |     1 ||     1
Evoke: Club              |       |       |     1 |    10 ||    11
  Use: Potion            |       |    11 |    10 |     3 ||    24
       Scroll            |       |     6 |     2 |    11 ||    19
 Stab: Sleeping          |     3 |     5 |     3 |       ||    11
       Petrifying        |       |     1 |     1 |       ||     2
       Paralysed         |       |       |     2 |       ||     2
  Eat: Fruit             |     1 |     1 |       |    23 ||    25
       Chunk             |     2 |     5 |     2 |    13 ||    22
       Bread ration      |       |     1 |     3 |     4 ||     8
       Meat ration       |       |       |       |     1 ||     1
       Royal jelly       |       |       |       |     1 ||     1
       Pizza             |       |       |       |     1 ||     1
Armor: Skin              |    64 |    96 |   153 |   397 ||   710
Dodge: Dodged            |   129 |   141 |   267 |   844 ||  1381
